Description

(Oracle, Adept, Stalker, Col..)

Build Order

Get SALT Encoding   

  12  0:01  Probe (Chrono Boost)  
  13  0:11  Probe (Chrono Boost)  
  14  0:18  Pylon  
  14  0:22  Probe (Chrono Boost)  
  15  0:37  Gateway, Probe (Chrono Boost)  
  16  0:47  Probe (Chrono Boost)  
  16  0:48  Assimilator  
  17  0:58  Probe (Chrono Boost)  
  18  1:09  Probe (Chrono Boost)  
  19  1:19  Nexus  
  19  1:22  Probe (Chrono Boost)  
  20  1:32  Cybernetics Core  
  20  1:35  Probe (Chrono Boost)  
  21  1:41  Assimilator  
  21  1:46  Probe (Chrono Boost)  
  22  1:51  Pylon  
  22  1:56  Probe (Chrono Boost)  
  23  2:06  Adept  
  23  2:08  Warp Gate  
  23  2:11  Probe (Chrono Boost)  
  27  2:26  Mothership Core (Chrono Boost)  
  27  2:29  Adept  
  28  2:32  Probe (Chrono Boost)  
  31  2:43  Probe (Chrono Boost)  
  32  2:46  Probe (Chrono Boost)  
  32  2:49  Pylon  
  33  2:53  Probe (Chrono Boost)  
  33  2:56  Stargate  
  33  2:57  Probe (Chrono Boost)  
  35  3:04  Probe (Chrono Boost)  
  36  3:08  Probe (Chrono Boost)  
  37  3:14  Probe (Chrono Boost)  
  37  3:18  Probe (Chrono Boost)  
  39  3:20  Adept  
  39  3:25  Probe (Chrono Boost)  
  42  3:29  Probe (Chrono Boost)  
  42  3:30  Pylon  
  43  3:36  Oracle  
  43  3:38  Gateway  
  43  3:40  Gateway  
  43  3:41  Probe (Chrono Boost)  
  44  3:44  Probe (Chrono Boost)  
  48  3:53  Probe (Chrono Boost)  
  48  3:54  Pylon  
  48  3:55  Probe (Chrono Boost)  
  50  4:05  Probe x2 (Chrono Boost)  
  50  4:07  Oracle  
  52  4:15  Nexus  
  56  4:18  Probe x2 (Chrono Boost)  
  56  4:21  Pylon  
  57  4:29  Probe (Chrono Boost)  
  57  4:30  Probe (Chrono Boost)  
  53  4:39  Probe (Chrono Boost)  
  53  4:42  Probe (Chrono Boost)  
  53  4:44  Adept  
  57  4:46  Adept, Assimilator  
  57  4:47  Adept, Assimilator  
  57  4:50  Probe (Chrono Boost)  
  63  4:54  Probe (Chrono Boost)  
  63  5:00  Probe (Chrono Boost)  
  63  5:01  Robotics Facility  
  63  5:04  Pylon  
  63  5:05  Sentry  
  63  5:06  Probe (Chrono Boost), Pylon  
  67  5:11  Sentry  
  67  5:13  Stalker  
  72  5:14  Probe (Chrono Boost)  
  72  5:18  Probe (Chrono Boost)  
  73  5:25  Probe (Chrono Boost)  
  74  5:30  Probe (Chrono Boost)  
  74  5:31  Probe (Chrono Boost)  
  74  5:35  Probe (Chrono Boost)  
  74  5:36  Stalker x2  
  74  5:41  Twilight Council, Probe (Chrono Boost)  
  74  5:42  Forge, Probe (Chrono Boost)  
  80  5:46  Probe (Chrono Boost)  
  80  5:49  Sentry  
  77  5:52  Immortal, Probe (Chrono Boost)  
  77  5:54  Probe (Chrono Boost)  
  79  6:00  Probe (Chrono Boost)  
  79  6:02  Probe (Chrono Boost)  
  81  6:04  Protoss Ground Weapons Level 1  
  81  6:06  Void Ray  
  81  6:07  Probe (Chrono Boost)  
  81  6:10  Blink, Probe (Chrono Boost)  
  87  6:13  Assimilator  
  87  6:15  Assimilator  
  87  6:17  Gateway  
  87  6:19  Gateway  
  87  6:23  Gateway  
  87  6:27  Probe (Chrono Boost)  
  87  6:29  Probe (Chrono Boost)  
  87  6:31  Pylon  
  89  6:32  Adept  
  89  6:33  Pylon  
  89  6:35  Observer  
  89  6:37  Adept  
  94  6:43  Pylon  
  94  6:45  Pylon  
  95  6:48  Probe (Chrono Boost)  
  95  6:49  Stalker  
  95  6:52  Pylon  
  97  6:54  Immortal  
  97  6:58  Stalker x2  
  105  7:09  Oracle  
  105  7:16  Gateway  
  105  7:19  Gateway  
  105  7:21  Stalker, Sentry x2  
  105  7:22  Stalker  
  113  7:27  Adept x2  
  113  7:28  Warp Prism  
  119  7:40  Pylon  
  119  7:42  Pylon  
  119  7:43  Protoss Ground Armor Level 1  
  119  7:45  Stalker x4, Pylon  
  127  7:54  Pylon  
  127  7:55  Photon Cannon  
  127  7:58  Resonating Glaives  
  127  8:00  Stalker x2  
  127  8:03  Observer  
  132  8:10  Stalker x2  
  132  8:11  Stalker  
  138  8:25  Adept x2  
  138  8:26  Adept x3  
  148  8:30  Nexus  
  148  8:35  Adept  
  148  8:38  Immortal  
  148  8:44  Pylon  
  152  8:53  Adept x4  
  152  8:54  Adept x3  
  152  8:55  Adept  
  155  9:03  Forge  
  155  9:04  Probe x2 (Chrono Boost)  
  155  9:05  Probe (Chrono Boost)  
  151  9:13  Adept x6  
  151  9:14  Adept x2  
  157  9:19  Robotics Facility  
  157  9:20  Warp Prism  
  157  9:21  Robotics Bay  
  157  9:31  Protoss Ground Armor Level 2  
  159  9:34  Protoss Ground Weapons Level 2  
  159  9:46  Stalker x5  
  159  9:47  Stalker  
  165  10:27  Colossus x2  
  175  10:29  Extended Thermal Lance  
  175  10:36  Adept x4  
  175  10:37  Adept x3  
  175  10:38  Adept  
  175  10:42  Assimilator  
  191  10:43  Assimilator  
  191  10:44  Pylon  
  181  11:07  Stalker x3  
  181  11:08  Stalker x2  
  181  11:21  Colossus x2  
  181  11:24  Stalker  
  181  11:25  Stalker x2  
  191  11:34  Stalker x4  
  199  11:53  Gateway  
  199  11:57  Gateway  
  199  12:00  Gateway x2  
  195  12:02  Stalker x2  
  179  12:15  Stalker x2  
  179  12:16  Stalker x4  
  181  12:27  Stalker x2  
  181  12:29  Disruptor x2  
  175  12:37  Dark Shrine  
  171  12:44  Adept x4  
  171  12:45  Adept x2  
  177  12:55  Adept x3  
  177  12:56  Adept  
  189  13:07  Stalker x4  
Spawning Tool Build Advisor. Get it on Overwolf

Analysis

(Oracle, Adept, Stalker, Col..)

Go to:

Details

  • Created by: DarkHeartz
  • Published on: Nov 08, 2016
  • Modified on: Nov 08, 2016
  • Patch: Pre-3.8.0
Show
View Real Time Build Order
Export as new Build Order

Comments (0)

There are no comments. Be the first!

Create an account to comment!